 Dungeon Crawl Stone Soup version 0.31.0-12-g77e489cdc1 (webtiles) character file.

Game seed: 9348712149325132206

81 sking99 the Poker (level 4, -2/37 HPs)
             Began as a Draconian Warper on Feb 29, 2024.
             Slain by a gnoll
             ... wielding a +0 halberd
              (15 damage)
             ... on level 3 of the Dungeon.
             The game lasted 00:02:56 (1841 turns).

sking99 the Poker (Draconian Warper)                Turns: 1841, Time: 00:02:56

Health: -2/37      AC:  5    Str: 15    XL:     4   Next: 19%
Magic:  7/7        EV: 11    Int: 14    God:
Gold:   126        SH:  4    Dex: 10    Spells: 7/7 levels left

rFire   + . .        a - +0 spear
rCold   . . .        h - +0 buckler
rNeg    . . .        (body armour unavailable)
rPois   .            (helmet restricted)
rElec   .            (no cloak)
rCorr   .            (no gloves)
SInv    .            (no boots)
Will    .....        (no amulet)
Stlth   +            s - ring of protection from fire
HPRegen 0.26/turn    (no ring)
MPRegen 0.10/turn

%: no passive effects
@: no status effects
A: AC +5, unfitting armour, cold-blooded
a: no special abilities


You were on level 3 of the Dungeon.
You visited 1 branch of the dungeon, and saw 3 of its levels.

You collected 126 gold pieces.

Inventory:

Hand Weapons
 a - a +0 spear (weapon)
Missiles
 c - 5 darts of dispersal (quivered)
 i - 5 poisoned darts
Armour
 h - a +0 buckler (worn)
Jewellery
 s - a ring of protection from fire (left hand)
Scrolls
 b - 2 scrolls of blinking
 d - a scroll of noise {unknown}
 e - a scroll of brand weapon {unknown}
 f - a scroll of butterflies {unknown}
 k - 2 scrolls of identify {unknown}
 m - a scroll of teleportation {unknown}
 n - a scroll of poison {unknown}
 o - a scroll of silence {unknown}
Potions
 g - a potion of enlightenment {unknown}
 j - 2 potions of curing {unknown}
 l - a potion of haste {unknown}
 p - a potion of lignification {unknown}
 q - a potion of heal wounds {unknown}
 r - a potion of degeneration {unknown}


   Skills:
 + Level 2.9 Fighting
 * Level 3.2 Polearms
 + Level 1.7 Throwing
 - Level 2.1 Dodging
 + Level 1.3 Shields
 - Level 2.0 Spellcasting
 - Level 3.0 Translocations


You had 7 spell levels left.
You didn't know any spells.
Your spell library contained the following spells:

 Spells                   Type           Power      Damage    Failure   Level
 Blink                    Tloc           18%        N/A       14%         2
 Lesser Beckoning         Tloc           18%        N/A       14%         2
 Teleport Other           Tloc           9%         N/A       26%         3
 Manifold Assault         Tloc           9%         N/A       65%         4
 Vhi's Electric Charge    Tloc/Air       10%        N/A       86%         4


Dungeon Overview and Level Annotations

Branches:
Dungeon (3/15)

Altars:


Innate Abilities, Weirdness & Mutations

Your plain brown scales are hard. (AC +5)
You cannot fit into any form of body armour.
You are cold-blooded and may be slowed by cold attacks.


Message History

The jackal barks!
A jackal comes into view.
The jackal moves out of view.
A jackal comes into view.
The jackal barks! x2
The jackal misses you.
You closely miss the jackal. The jackal barely misses you.
The gnoll barely misses you.
Throw: 6 darts (disperse)
Press: ? - help, Q - select action, (/) - cycle Shift-Dir - straight line, f/p - gnoll
Aim: a gnoll, wielding a +0 halberd (56% to hit)
You throw a dart of dispersal. The dart of dispersal hits the gnoll.
The gnoll blinks!
The jackal bites you but does no damage.
You barely miss the jackal. The jackal barely misses you.
You barely miss the jackal. You hit the jackal.
The jackal is lightly wounded.
The jackal barely misses you. The jackal barely misses you.
The jackal bites you but does no damage.
The jackal barely misses you.
There is a large open door here.
You hit the jackal but do no damage. The jackal closely misses you.
The jackal bites you but does no damage.
The jackal misses you.
You hit the jackal but do no damage.
The jackal bites you but does no damage.
The jackal misses you.
You hit the jackal.
Your tail-slap misses the jackal.
The jackal is severely wounded.
The jackal closely misses you. The jackal bites you.
The jackal barely misses you.
You barely miss the jackal.
The jackal is severely wounded.
You block the jackal's attack. x2; The jackal barely misses you.
You hit the jackal.
You kill the jackal!
The gnoll hits you from afar with a +0 halberd!
You die...

######### ###.......#
##.........# #..........#
###.......######## .
######.........##h....###...
.....'.........h@.g.......>.
..####(........##.....####+#
.## #...#.....##.......##.#
######...#.....######...##.#
.........#.....# #...##.#
#####.####.....# #...##.# #
#. #.##### #...##.###### #
#. #. #...##....... #
#.........###


You could see a gnoll and 2 jackals.

Vanquished Creatures
  3 gnolls (D:3)
  3 adders (D:2)
  4 ball pythons (D:1)
  An endoplasm (D:1)
  5 goblins
  2 hobgoblins
  A jackal (D:3)
  2 kobolds
  A quokka (D:1)
  2 bats (D:1)
  3 rats
27 creatures vanquished.

Notes
Turn   | Place    | Note
-------+----------+-------------------------------------------
     0 | D:1      | sking99 the Draconian Warper began the quest for the Orb.
     0 | D:1      | Reached XP level 1. HP: 17/17 MP: 3/3
   105 | D:1      | Reached skill level 1 in Throwing
   261 | D:1      | Reached XP level 2. HP: 25/25 MP: 5/5
   960 | D:2      | Reached XP level 3. HP: 20/30 MP: 6/6
  1061 | D:2      | Reached skill level 1 in Shields
  1801 | D:3      | Reached XP level 4. HP: 30/37 MP: 7/7
  1841 | D:3      | Slain by a gnoll

Illustrated notes

Levels and vault maps discovered:
D:1:      dpeg_arrival_connections, layout_basic, serial_forest,
          infiniplex_forest_lined_2, infiniplex_forest_straight_4,
          infiniplex_forest_clump_medium, infiniplex_forest_zigzag_2,
          infiniplex_forest_end_3, infiniplex_forest_lined_3_way,
          serial_bayou_ford_a, amcnicky_mini_pool_small, roderic_roman_lattice
D:2:      layout_rooms, chequers_big_river
D:3:      layout_basic, fedhas_altar_1, basic_ecumenical_altar,
          supply_closet_lemuel

Skill      XL: |  1  2  3 |
---------------+----------+-----
Throwing       | 1 |  1.7
Shields        | 1 |  1.3
Polearms       | 3 |  3.2
Fighting       | |  2.9
Dodging        | |  2.1
Spellcasting   | |  2.0
Translocations | |  3.0

Action                     |  1- 3 |  4- 6 || total
---------------------------+-------+-------++-------
  Melee: Spear             |   102 |    17 ||   119
         Tailslap          |    10 |     1 ||    11
  Throw: Dart              |       |     2 ||     2
   Stab: Sleeping          |     1 |       ||     1
 Armour: Skin              |    35 |    11 ||    46
  Dodge: Dodged            |    40 |    19 ||    59
  Block: Buckler           |     5 |     6 ||    11
